 Dungeon Crawl Stone Soup version 0.30-b1-2-g02819fbbbe (webtiles) character file.

Game seed: 13975340266481404563

163119 LLlMATKO the Warrior (level 17, -10/170 HPs)
             Began as a Minotaur Berserker on Sept 19, 2023.
             Was a High Priest of Trog.
             Mangled by a tarantella simulacrum (18 damage)
             ... on level 4 of the Spider Nest.
             The game lasted 00:41:43 (32542 turns).

LLlMATKO the Warrior (Minotaur Berserker)          Turns: 32542, Time: 00:41:43

Health: -10/170    AC: 29    Str: 28      XL:     17   Next: 23%
Magic:  16/16      EV: 12    Int:  3 (4)  God:    Trog [*****.]
Gold:   1570       SH: 33    Dex:  9 (10) Spells: 16/16 levels left

rFire   . . .        E - +0 war axe (heavy)
rCold   . . .        V - +18 shield of the Gong {Loud rN+ Will+ rCorr EV-5}
rNeg    + . .        Y - +1 plate armour {Will+}
rPois   +            m - +2 hat
rElec   .            v - +1 cloak
rCorr   +            S - +1 pair of gloves of Noughts and Crosses {+Blink rPois Str-2}
SInv    .            K - +1 pair of boots {Fly}
Will    +++..        F - amulet of reflection Stlth
                     q - ring of poison resistance
HPRegen 0.48/turn    B - +5 ring of evasion
MPRegen 0.15/turn

%: reflection
@: on berserk cooldown, flying, slowed, studying Fighting, very slow
A: horns 2, retaliatory headbutt, no potion heal 1
a: Renounce Religion, Evoke Blink, Berserk, Trog's Hand, Brothers in Arms


You were on level 4 of the Spider Nest.
You worshipped Trog.
Trog was extremely pleased with you.
You visited 4 branches of the dungeon, and saw 26 of its levels.
You also visited: Ossuary, Bailey, Ice Cave and Volcano.

You collected 3101 gold pieces.
You spent 1531 gold pieces at shops.

Inventory:

Hand Weapons
 j - a +2 antimagic battleaxe
 E - a +0 heavy war axe (weapon)
 L - a +0 whip of freezing
 X - a +2 antimagic broad axe
Missiles
 f - 48 poisoned darts (quivered)
 k - 12 boomerangs
 o - 9 curare-tipped darts
 I - 4 throwing nets
Armour
 m - a +2 hat (worn)
 v - a +1 cloak (worn)
 w - a +2 pair of gloves
 K - a +1 pair of boots of flying (worn)
 R - a +3 chain mail of fire resistance
 S - the +1 pair of gloves of Noughts and Crosses (worn) {+Blink rPois Str-2}
   (You found it on level 3 of the Spider Nest)

   Str:       It affects your strength (-2).
   rPois:     It protects you from poison.
   +Blink:    It lets you blink.
 U - the +7 ring mail of Zogin {rPois rC+ Int+7}
   (You found it on level 9 of the Dungeon)

   Int:       It affects your intelligence (+7).
   rC:        It protects you from cold.
   rPois:     It protects you from poison.
 V - the +18 shield of the Gong (worn) {Loud rN+ Will+ rCorr EV-5}
   (You found it on level 12 of the Dungeon)

   Loud:      It is deafeningly noisy when blocking attacks.
   EV:        It affects your evasion (-5).
   rN:        It protects you from negative energy.
   rCorr:     It protects you from acid and corrosion.
   Will:      It increases your willpower.
 Y - a +1 plate armour of willpower (worn)
Jewellery
 q - a ring of poison resistance (left hand)
 t - a +5 ring of evasion
 x - a ring of resist corrosion
 B - a +5 ring of evasion (right hand)
 C - the ring of the Trilobite {rPois AC+4 Str+2 Dex+5 Slay-5}
   (You found it on level 1 of the Spider Nest)

   [ring of protection]

   AC:        It affects your AC (+4).
   Str:       It affects your strength (+2).
   Dex:       It affects your dexterity (+5).
   Slay:      It affects your accuracy & damage with ranged weapons and melee
   (-5).
   rPois:     It protects you from poison.
 F - an amulet of reflection (around neck)
 M - a ring of fire
 Q - a ring of ice
 W - a +4 ring of protection
Wands
 e - a wand of flame (30)
 u - a wand of polymorph (8)
 y - a wand of quicksilver (1)
 z - a wand of roots (13)
 A - a wand of digging (10)
 J - a wand of charming (34)
 T - a wand of mindburst (14)
Scrolls
 b - 10 scrolls of identify
 c - 3 scrolls of silence
 d - 7 scrolls of fear
 g - 3 scrolls of poison
 l - 3 scrolls of blinking
 r - 8 scrolls of vulnerability
 s - 6 scrolls of teleportation
 N - 4 scrolls of enchant armour
 O - 3 scrolls of summoning
 P - 7 scrolls of enchant weapon
Potions
 a - 5 potions of cancellation
 h - 2 potions of resistance
 i - 18 potions of curing
 n - 7 potions of heal wounds
 p - 11 potions of haste
 D - a potion of magic
 G - 2 potions of might
 H - 4 potions of flight
 Z - 2 potions of invisibility {unknown}


   Skills:
 + Level 20.3 Fighting
 + Level 18.5 Axes
 + Level 18.4 Armour
 + Level 17.0 Dodging
 + Level 10.4 Shields


You had 16 spell levels left.
You didn't know any spells.
Your spell library was empty.

Dungeon Overview and Level Annotations

Branches:
Dungeon (15/15)            Temple (0/1) D:6            Lair (5/5) D:8
 Shoals (0/4) Lair:2       Spider (4/4) Lair:2        Slime (0/5) Lair:5
    Orc (2/2) D:12            Elf (0/3) Orc:2        Vaults (0/5) D:13
 Depths (0/4) D:15        Ossuary (visited)          Bailey (visited)
  IceCv (visited)         Volcano (visited)

Altars:
Ashenzari
Cheibriados
Elyvilon
Fedhas
Gozag
Hepliaklqana
Kikubaaqudgha
Okawaru
Sif Muna
Uskayaw
Vehumet
Yredelemnul
Zin
Jiyva

Shops:
D:5 =   D:12 *[   D:14 *   Orc:1 *   Orc:2 ?!![=*(:

Annotations:
Lair:5 3 runed translucent doors, dannycarnage's ghost, journeyman FeSu


Innate Abilities, Weirdness & Mutations

You have a pair of horns on your head.
You reflexively headbutt those who attack you in melee.
Potions are less effective at restoring your health.


Message History

The redback simulacrum completely misses you.
You are engulfed in freezing vapours.
The tarantella touches you.
The tarantella touches you but does no damage.
The tarantella touches you!!
* * * LOW HITPOINT WARNING * * *
The torpor snail simulacrum closely misses you.
The tarantella completely misses you.
The redback simulacrum bites you but does no damage.
You slice the tarantella!! You headbutt the tarantella!
You kill the tarantella!
Trog accepts your kill.
You slash the torpor snail simulacrum! You slash the redback simulacrum!
A freezing mist starts to gather...
A tarantella simulacrum comes into view.
You are engulfed in freezing vapours.
* * * LOW HITPOINT WARNING * * *
You feel less confused.
The redback simulacrum bites you but does no damage.
You block the torpor snail simulacrum's attack.
PANG!
You block the redback simulacrum's attack.
SHROANNG!
You hear a faint skittering sound. x2; You hear a hideous shriek!
You hear a faint skittering sound. x2; You hear a hideous shriek!
You hear a faint skittering sound.
You hear a skittering sound.
You hear a faint skittering sound. x2; You hear a hideous shriek!
You hear a skittering sound.
You hear a faint skittering sound.
You hear a hideous shriek!
You hear a faint skittering sound.
You hear a skittering sound. x2
You hit the redback simulacrum. You headbutt the redback simulacrum!
The redback simulacrum is almost destroyed.
You slash the torpor snail simulacrum!
The torpor snail simulacrum vaporises!
You block the redback simulacrum's attack.
GONNNNG!
You block the redback simulacrum's attack.
SHROANNG!
The tarantella simulacrum hits you.
* * * LOW HITPOINT WARNING * * *
The tarantella simulacrum freezes you!!
You die...

..................
..........^.........
...^................^
.....................
.......................
......................#
......................####
........................^#
........Z@..<...........##
........☼Z....^...........
|...................=..^..
.........^^.......<.......
......^..^...^...........#
.?.......^.....^^#^....^.^
................##........
......^........^###.#....#
...#...........^# #.#####


You could see a tarantella simulacrum and a redback simulacrum.

Vanquished Creatures
  Saint Roka (Orc:2)
  Arachne (Spider:3)
  Jorgrun (D:14)
  Mlioglotl (Spider:2)
  Rupert (Lair:3)
  Frances (D:12)
  Agnes (D:14)
  4 ghost moths
  An emperor scorpion (Spider:2)
  A broodmother (Spider:1)
  A red draconian (Volcano)
  Snorg (D:14)
  2 spark wasps
  Fannar (D:12)
  4 entropy weavers
  A great orb of eyes (D:15)
  Josephine (D:11)
  A rakshasa (D:15)
  4 hydras
  A vault guard (D:13)
  2 radroaches
  3 boulder beetles
  A catoblepas (Lair:3)
  A merfolk avatar (Lair:5)
  3 centaur warriors
  An ogre mage (D:15)
  6 death yaks (Lair:5)
  5 two-headed ogres
  2 orc high priests
  4 tengu warriors
  Urug (Orc:2)
  4 skysharks
  2 salamander mystics (Volcano)
  A sixfirhy (D:8)
  3 pharaoh ants
  A sea snake (Lair:5)
  7 orb spiders
  A wizard (D:10)
  10 orc knights
  2 harpies (Lair:5)
  An orange crystal statue (D:14)
  Pikel (D:8)
  An obsidian statue (D:14)
  A necromancer (IceCv)
  4 steelbarb worms
  10 wolf spiders
  2 deep elf pyromancers (D:14)
  3 orc sorcerers
  21 ugly things
  11 cyclopes
  5 manticores
  A merfolk siren (Lair:2)
  3 moths of wrath
  19 elephants
  Maurice (D:13)
  2 vault sentinels (D:12)
  Joseph (D:9)
  2 black mambas
  An ice statue (IceCv)
  2 salamanders (Volcano)
  5 molten gargoyles (Volcano)
  7 torpor snails
  3 rime drakes
  A cane toad (shapeshifter) (D:13)
  A gargoyle (D:11)
  17 demonic crawlers
  An unseen horror (D:12)
  The ghost of diceflayer the Shooter, a novice DsHu (D:3)
  4 komodo dragons
  7 cane toads
  Psyche (D:8)
  13 ice devils (IceCv)
  An efreet (Volcano)
  3 freezing wraiths (IceCv)
  2 anaconda simulacra (IceCv)
  10 meliai
  3 polar bears
  17 tarantellas
  2 hornets
  7 trolls
  A wind drake (Lair:5)
  Prince Ribbit (D:8)
  26 blink frogs
  4 dream sheep (Lair:5)
  Grinder (D:4)
  17 jumping spiders
  A shadow (D:10)
  14 culicivoras
  9 slime creatures
  A dire elephant simulacrum (IceCv)
  Sigmund (D:5)
  38 yaks
  8 wraiths
  Eustachio (D:5)
  A vampire (D:11)
  A hog (shapeshifter) (D:13)
  4 wyverns
  A basilisk (shapeshifter) (D:13)
  2 basilisks
  41 redbacks
  11 vampire mosquitoes
  6 death yak simulacra
  3 steam dragons
  Menkaure (D:5)
  2 wargs
  An acid dragon (D:10)
  3 hydra simulacra (IceCv)
  8 water moccasins
  A sky beast (D:8)
  2 black bears
  2 ice beasts
  37 orc warriors
  36 wolves
  9 ogres
  11 centaurs
  2 lemures (D:8)
  A phantom (D:5)
  3 elf zombies (Ossuary)
  Blork the orc (D:5)
  11 bullfrogs
  3 kobold brigands
  2 scorpions
  2 two-headed ogre simulacra
  4 cane toad simulacra
  5 elephant simulacra (IceCv)
  14 killer bees
  4 howler monkeys
  A crimson imp (D:10)
  4 centaur zombies (Ossuary)
  2 hounds
  19 orc priests
  A gnoll bouda (D:8)
  A jelly (D:6)
  Crazy Yiuf (D:4)
  5 human zombies (Ossuary)
  2 iguanas
  25 orc wizards
  2 troll simulacra
  7 hell rats (Lair:5)
  4 polar bear simulacra
  A spriggan simulacrum (D:13)
  4 wolf simulacra
  4 mummies
  Robin (D:4)
  5 gnolls (D:8)
  10 adders
  A naga simulacrum (IceCv)
  A shadow imp (D:5)
  A white imp (D:5)
  5 ufetubi
  2 worms
  5 dart slugs
  92 orcs
  6 bats
  6 endoplasms
  7 giant cockroaches
  11 goblins
  10 hobgoblins
  5 jackals
  A jackal (shapeshifter) (D:15)
  24 kobolds
  3 quokkas
  4 ball pythons
  2 frilled lizards
  10 rats
  A bush (Lair:4)
942 creatures vanquished.

Vanquished Creatures (collateral kills)
  A boulder beetle (Spider:1)
  An orc high priest (Orc:2)
  A culicivora (Spider:1)
  3 orc warriors (Orc:2)
  2 cane toad simulacra (IceCv)
  2 orc wizards
  A white imp (IceCv)
  4 orcs
15 creatures vanquished.

Vanquished Creatures (others)
  An orc wizard (Orc:2)
  37 fungi
  67 plants
105 creatures vanquished.

Grand Total: 1062 creatures vanquished

Notes
Turn   | Place    | Note
-------+----------+-------------------------------------------
     0 | D:1      | LLlMATKO the Minotaur Berserker began the quest for the
                  | Orb.
     0 | D:1      | Reached XP level 1. HP: 19/19 MP: 0/0
   196 | D:1      | Reached XP level 2. HP: 24/27 MP: 1/1
   285 | D:1      | Found a faded altar of an unknown god.
   367 | D:1      | Reached skill level 4 in Fighting
   519 | D:1      | Reached XP level 3. HP: 33/33 MP: 2/2
   669 | D:1      | Reached ** piety under Trog
  1741 | D:2      | Found a blossoming altar of Fedhas.
  1912 | D:3      | Reached XP level 4. HP: 27/40 MP: 3/3
  2002 | D:3      | Found a transporter.
  2199 | D:3      | Noticed diceflayer's ghost (novice DsHu)
  2200 | D:3      | Noticed an ogre
  2200 | D:3      | Identified the +2 giant spiked club of Slow Death {pain,
                  | rF+ Int+3 Dex+3}
  2200 | D:3      | Noticed an ogre
  2202 | D:3      | Noticed an ogre
  2229 | D:3      | Found a hide-covered altar of Uskayaw.
  2229 | D:3      | Found an iron altar of Okawaru.
  2352 | D:4      | Noticed Robin
  2363 | D:4      | Killed Robin
  2363 | D:4      | Reached *** piety under Trog
  2422 | D:4      | Noticed a scorpion
  2423 | D:4      | Noticed Grinder
  2426 | D:4      | Killed a scorpion
  2427 | D:4      | Reached XP level 5. HP: 47/47 MP: 4/4
  2434 | D:4      | Killed Grinder
  2435 | D:4      | Reached skill level 5 in Fighting
  2435 | D:4      | Reached skill level 5 in Axes
  2435 | D:4      | Reached XP level 6. HP: 36/56 MP: 5/5
  2476 | D:4      | Found a sand-covered staircase.
  2488 | Ossuary  | Entered an ossuary
  2524 | Ossuary  | Reached skill level 5 in Armour
  2524 | Ossuary  | Reached XP level 7. HP: 62/62 MP: 6/6
  2645 | Ossuary  | Reached skill level 6 in Fighting
  2726 | Ossuary  | Reached skill level 5 in Dodging
  3097 | D:4      | Found a runed translucent door.
  3098 | D:4      | Noticed Crazy Yiuf
  3202 | D:4      | Found a glowing silver altar of Zin.
  3202 | D:4      | Found an opulent altar of Gozag.
  3596 | D:4      | Killed Crazy Yiuf
  3597 | D:4      | Reached XP level 8. HP: 71/71 MP: 7/7
  3714 | D:5      | Entered Level 5 of the Dungeon
  3714 | D:5      | Found Pivinihe's Jewellery Boutique.
  3728 | D:5      | Found a hazy altar of Hepliaklqana.
  3851 | D:5      | Reached skill level 7 in Fighting
  3881 | D:5      | Found a white marble altar of Elyvilon.
  3884 | D:5      | Noticed Blork the orc
  3885 | D:5      | Noticed Menkaure
  3891 | D:5      | Killed Blork the orc
  3895 | D:5      | Killed Menkaure
  4139 | D:5      | Noticed Sigmund
  4147 | D:5      | Killed Sigmund
  4150 | D:5      | Noticed Eustachio
  4364 | D:5      | Killed Eustachio
  4709 | D:6      | Found a staircase to the Ecumenical Temple.
  5001 | D:6      | Found a shimmering blue altar of Sif Muna.
  5013 | D:6      | Found a radiant altar of Vehumet.
  5016 | D:6      | Found a broken altar of Ashenzari.
  5020 | D:6      | Reached XP level 9. HP: 81/81 MP: 8/8
  5042 | D:6      | Found a blossoming altar of Fedhas.
  5066 | D:6      | Reached skill level 8 in Fighting
  5355 | D:6      | Found a basalt altar of Yredelemnul.
  5377 | D:6      | Found an ancient bone altar of Kikubaaqudgha.
  5726 | D:7      | Reached **** piety under Trog
  5909 | D:5      | Bought an amulet of reflection for 420 gold pieces
  6806 | D:8      | Noticed Psyche
  6819 | D:8      | Killed Psyche
  6826 | D:8      | Reached skill level 9 in Fighting
  6992 | D:8      | Paralysed by a hornet for 3 turns
  7211 | D:8      | Noticed Prince Ribbit
  7220 | D:8      | Killed Prince Ribbit
  7306 | D:8      | Found a runed translucent door.
  7308 | D:8      | Noticed a sixfirhy
  7368 | D:8      | Reached XP level 10. HP: 84/91 MP: 9/9
  7607 | D:8      | Noticed Pikel
  7617 | D:8      | Killed Pikel
  7814 | D:8      | Found a staircase to the Lair.
  8109 | Lair:1   | Entered Level 1 of the Lair of Beasts
  8135 | Lair:1   | Reached skill level 10 in Axes
  8183 | Lair:1   | Reached skill level 10 in Fighting
  8370 | Lair:1   | Noticed a cane toad
  8383 | Lair:1   | Killed a cane toad
  8543 | Lair:1   | Noticed a cane toad
  8556 | Lair:1   | Killed a cane toad
  8654 | Lair:1   | Reached skill level 10 in Armour
  8926 | Lair:1   | Reached XP level 11. HP: 101/101 MP: 10/10
  9283 | D:9      | Found a flagged portal.
  9336 | D:9      | Reached skill level 11 in Fighting
  9478 | Bailey   | Entered a bailey
  9699 | Bailey   | Noticed an orc knight
  9716 | Bailey   | Killed an orc knight
  9723 | Bailey   | Reached skill level 10 in Dodging
  9820 | Bailey   | Noticed an orc knight
  9823 | Bailey   | Noticed an orc knight
  9828 | Bailey   | Killed an orc knight
  9837 | Bailey   | Killed an orc knight
 10288 | D:9      | Found a snail-covered altar of Cheibriados.
 10400 | D:9      | Noticed Joseph
 10414 | D:9      | Killed Joseph
 10568 | D:9      | Identified the +7 ring mail of Zogin {rPois rC+ Int+7}
 10626 | D:10     | Entered Level 10 of the Dungeon
 11208 | D:10     | Reached skill level 12 in Fighting
 11437 | D:10     | Noticed a wizard
 11444 | D:10     | Killed a wizard
 11764 | D:11     | Noticed a white ugly thing
 11772 | D:11     | Killed a white ugly thing
 12011 | D:11     | Reached XP level 12. HP: 113/113 MP: 11/11
 12296 | D:11     | Noticed Josephine
 12309 | D:11     | Killed Josephine
 12977 | Lair:2   | Found a hole to the Spider Nest.
 13144 | Lair:2   | Reached skill level 13 in Fighting
 13146 | Lair:2   | Found a staircase to the Shoals.
 13855 | Lair:2   | Identified the +0 robe of Love and Death {Regen+}
 13971 | Lair:2   | Found a staircase to the Shoals.
 13987 | Lair:2   | Found a hole to the Spider Nest.
 14537 | Lair:3   | Noticed Rupert
 14638 | Lair:3   | Killed Rupert
 14712 | Lair:3   | Reached XP level 13. HP: 115/123 MP: 4/12
 15417 | Lair:4   | Reached skill level 14 in Fighting
 15899 | Lair:4   | Reached ***** piety under Trog
 16746 | Lair:5   | Entered Level 5 of the Lair of Beasts
 16813 | Lair:5   | Found a staircase to the Slime Pits.
 16813 | Lair:5   | Found a viscous altar of Jiyva.
 16919 | Lair:5   | Noticed dannycarnage's ghost (journeyman FeSu)
 16921 | Lair:5   | Found a runed translucent gate.
 16921 | Lair:5   | Found a runed translucent gate.
 16921 | Lair:5   | Found a runed translucent gate.
 17143 | Lair:5   | Reached skill level 15 in Axes
 17156 | Lair:5   | Reached skill level 15 in Fighting
 17241 | Lair:5   | Reached XP level 14. HP: 125/135 MP: 4/13
 17260 | Lair:5   | Reached skill level 15 in Armour
 18760 | Lair:5   | Found a viscous altar of Jiyva.
 18760 | Lair:5   | Found a staircase to the Slime Pits.
 19519 | D:3      | Found a transporter.
 19539 | D:3      | Killed diceflayer's ghost
 19936 | D:12     | Received a gift from Trog
 19960 | D:12     | Noticed Frances
 19974 | D:12     | Killed Frances
 20030 | D:12     | Found Elig Zyuhu's Armour Shop.
 20033 | D:12     | Bought a +1 pair of boots of flying for 231 gold pieces
 20264 | D:12     | Found a staircase to the Orcish Mines.
 20284 | D:12     | Noticed Fannar
 20292 | D:12     | Killed Fannar
 20391 | D:12     | Found Ekkored's Assorted Antiques.
 20448 | D:12     | Reached skill level 1 in Shields
 20650 | D:12     | Found the +18 shield of the Gong {Loud rN+ Will+ rCorr
                  | EV-5}
 20831 | Orc:1    | Entered Level 1 of the Orcish Mines
 20866 | Orc:1    | Found a dark tunnel.
 20866 | Orc:1    | Gained mutation: Potions are less effective at restoring
                  | your health. [a neqoxec]
 20883 | Orc:1    | Reached skill level 16 in Fighting
 21036 | Volcano  | Entered a volcano
 21442 | Volcano  | Noticed an orb of fire
 21473 | Volcano  | Noticed an orb of fire
 21689 | Orc:2    | Entered Level 2 of the Orcish Mines
 21689 | Orc:2    | Found a staircase to the Elven Halls.
 21717 | Orc:2    | Received a gift from Trog
 21800 | Orc:2    | Found Biusola's Distillery.
 21872 | Orc:1    | Found Opno's Assorted Antiques.
 22012 | Orc:1    | Reached XP level 15. HP: 140/144 MP: 4/14
 22158 | Orc:2    | Found Tihown's Magic Scroll Shoppe.
 22194 | Orc:2    | Noticed Saint Roka
 22209 | Orc:2    | Noticed Urug
 22226 | Orc:2    | Killed Saint Roka
 22227 | Orc:2    | Reached skill level 15 in Dodging
 22228 | Orc:2    | HP: 7/217 [Urug/+5 war axe (27)]
 22229 | Orc:2    | Killed Urug
 22451 | Orc:2    | Found Kelah's Distillery.
 22551 | Orc:2    | Received a gift from Trog
 22568 | Orc:2    | Found Tabb's General Store.
 22577 | Orc:2    | Found Gurhethadgh's Antique Weapon Boutique.
 22649 | Orc:2    | Found Rufaz's Jewellery Boutique.
 22695 | Orc:2    | Found Cutre's Antique Armour Boutique.
 22839 | Orc:2    | Found Hiepoh's Book Shop.
 22843 | Orc:2    | Bought a manual of Fighting for 880 gold pieces
 23154 | D:13     | Noticed Maurice
 23161 | D:13     | Killed Maurice
 23220 | D:13     | Reached skill level 5 in Shields
 23325 | D:13     | Found a frozen archway.
 23368 | IceCv    | Entered an ice cave
 23500 | IceCv    | Reached skill level 17 in Fighting
 23752 | IceCv    | Found an ancient bone altar of Kikubaaqudgha.
 24345 | D:13     | Found a gate to the Vaults.
 24711 | D:14     | Received a gift from Trog
 24905 | D:14     | Found Arphitsue's General Store.
 24979 | D:14     | Noticed Jorgrun
 24989 | D:14     | Killed Jorgrun
 25249 | D:14     | Noticed Agnes
 25263 | D:14     | Killed Agnes
 25468 | D:14     | Noticed Snorg
 25473 | D:14     | Killed Snorg
 25907 | D:15     | Entered Level 15 of the Dungeon
 25946 | D:15     | Reached skill level 18 in Fighting
 25954 | D:15     | Reached XP level 16. HP: 138/157 MP: 15/15
 26220 | D:15     | Found the +12 pair of quick blades "Gyre" and "Gimble"
                  | {protect}
 26507 | D:15     | Found a staircase to the Depths.
 26900 | Spider:1 | Entered Level 1 of the Spider Nest
 27387 | Spider:1 | Identified the +10 executioner's axe of Yfrulami {heavy,
                  | *Corrode rN+ Stlth+} (Trog gifted it to you on level 1 of
                  | the Spider Nest)
 27387 | Spider:1 | Received a gift from Trog
 27443 | Spider:1 | Reached skill level 19 in Fighting
 28229 | Spider:1 | Identified the ring of the Trilobite {rPois AC+4 Str+2
                  | Dex+5 Slay-5}
 28426 | Spider:2 | Noticed Mlioglotl
 28504 | Spider:2 | Noticed a tentacled starspawn
 28508 | Spider:2 | Killed Mlioglotl
 30872 | Spider:2 | Reached XP level 17. HP: 140/170 MP: 16/16
 31028 | Spider:3 | Noticed Arachne
 31036 | Spider:3 | Reached skill level 10 in Shields
 31041 | Spider:3 | Reached skill level 20 in Fighting
 31410 | Spider:3 | Identified the +1 pair of gloves of Noughts and Crosses
                  | {+Blink rPois Str-2}
 31475 | Spider:3 | Killed Arachne
 31994 | Spider:4 | Entered Level 4 of the Spider Nest
 32542 | Spider:4 | HP: 8/170 [tarantella simulacrum (3)]
 32542 | Spider:4 | Mangled by a tarantella simulacrum

Illustrated notes

Levels and vault maps discovered:
D:1:      saegor_arrival_simple_e, layout_basic,
          hellmonk_ecumenical_altar_arch_garden
D:2:      layout_basic, basic_altar, grunt_ministairs_6
D:3:      layout_rooms, gammafunk_temple_overflow_elements,
          gammafunk_ghost_smash
D:4:      layout_basic, grunt_temple_overflow_gold_and_silver,
          gup_ossuary_entry_pyramid, grunt_ministairs_15, solitary_fountain,
          uniq_crazy_yiuf_cottage, uniq_robin, uniq_grinder
D:5:      layout_rooms, elyvilon_altar_4, mainiacjoe_overflow_six_doors_small,
          serial_shops, shop, uniq_sigmund, uniq_menkaure, uniq_blork_the_orc,
          uniq_eustachio
D:6:      layout_basic, mainiacjoe_overflow_alcove_1,
          grunt_temple_overflow_cloverleaf, mainiacjoe_overflow_paths,
          minmay_temple_entry_arrows
D:7:      layout_basic
D:8:      cheibrodos_shockbox, layout_loops_cross,
          grunt_lair_entry_orc_guard_hut, uniq_psyche, uniq_prince_ribbit1,
          uniq_pikel
D:9:      layout_basic, mainiacjoe_overflow_surrounded_room, enter_bailey_2,
          uniq_joseph
D:10:     layout_irregular_city, lightli_wizard_tower
D:11:     layout_basic, small_statue_intersection, uniq_josephine
D:12:     layout_roguey, orc_0_dummy, serial_shops, kennysheep_mini_moat,
          nicolae_shop_window_shopping, hellmonk_guarded_unrand_gong,
          uniq_fannar, uniq_gastronok, uniq_frances
D:13:     layout_basic, david_vaults_5, portal_ice_cave_entry_ice_simulacra,
          uniq_maurice
D:14:     minmay_separated_statues, layout_loops_ring, serial_bayou_shore_b,
          serial_shops, kennysheep_little_box, uniq_snorg, uniq_agnes,
          uniq_jorgrun
D:15:     gammafunk_enter_depths_forms, layout_cave_pools, special_room
          [special_room_orc]
Lair:1:   layout_regular_city, lemuel_fruit_fields, lemuel_fruit_tree
Lair:2:   layout_cave_pods, minmay_shoals_entry_lonely_mermaid,
          hellmonk_spider_entry_not_the_bees, infiniplex_staircase_pool_2
Lair:3:   layout_misc_corridors, lemuel_fruit_fields, serial_bayou_shore_b,
          uniq_rupert
Lair:4:   layout_roguey, chequers_serial_rivers_room_a,
          nicolae_lair_run_with_the_wolves
Lair:5:   gammafunk_lair_ancient_temple, layout_regular_city, slime_entry_1,
          gammafunk_ghost_split
Spider:1: layout_chambers
Spider:2: layout_spider_delve, worms_lemuel, uniq_mlioglotl
Spider:3: layout_spider_delve, nicolae_spider_not_touching_you, uniq_arachne
Spider:4: guppyfry_spider_rune, nicolae_spider_checkerboard
Orc:1:    layout_caves, nicolae_volcano_entry_lava_flow, serial_shops, shop
Orc:2:    grunt_orc_cross, layout_diamond_mine, serial_shops,
          nicolae_shop_window_shopping, nicolae_shop_behind_doors, shop,
          nicolae_shop_peninsula, nicolae_orc_flooded_monolith

Skill      XL: |  1  2  3  4  5  6  7  8  9 10 11 12 13 14 15 16 17 |
---------------+----------------------------------------------------+-----
Axes           | 4 5 6 7 9 10 12 13 15 16 17 18 | 18.5
Fighting       | 4 5 6 7 9 10 12 13 15 16 18 19 20 | 20.3
Armour         | 3 4 5 7 8 10 11 13 14 16 17 18 | 18.4
Dodging        | 3 4 5 6 8 9 11 12 13 14 15 16 17 | 17.0
Shields        | 3 7 9 10 | 10.4

Action                     |  1- 3 |  4- 6 |  7- 9 | 10-12 | 13-15 | 16-18 || total
---------------------------+-------+-------+-------+-------+-------+-------++-------
  Melee: Hand axe          |   122 |    44 |   321 |   214 |       |       ||   701
         Headbutt          |    13 |     9 |    46 |   123 |   268 |   118 ||   577
         Punch             |     4 |       |     4 |     5 |       |       ||    13
         War axe           |       |       |       |   368 |    88 |   329 ||   785
         Battleaxe         |       |       |       |    14 |   432 |       ||   446
         Broad axe         |       |       |       |       |   544 |   126 ||   670
         Whip              |       |       |       |       |    20 |       ||    20
  Throw: Dart              |       |       |       |     6 |    30 |     7 ||    43
 Invoke: Berserk           |       |     3 |    11 |    14 |    15 |     9 ||    52
         Trog's Hand       |       |       |       |     4 |     7 |     4 ||    15
         Brothers in Arms  |       |       |       |     2 |     5 |     2 ||     9
  Evoke: Wand              |       |       |       |       |     2 |       ||     2
    Use: Scroll            |       |     2 |       |    22 |     9 |     2 ||    35
         Potion            |       |       |       |       |     1 |       ||     1
 Armour: Animal skin       |    15 |       |       |       |       |       ||    15
         Scale mail        |    17 |    31 |   159 |       |       |       ||   207
         Chain mail        |       |       |    54 |    29 |       |       ||    83
         Plate armour      |       |       |       |   129 |   102 |   399 ||   630
         Ring mail         |       |       |       |   165 |   300 |       ||   465
  Dodge: Dodged            |    68 |    44 |   199 |   350 |   479 |   236 ||  1376
  Block: Other             |       |       |    17 |   135 |   119 |       ||   271
         Reflection        |       |       |     1 |     1 |    36 |     8 ||    46
         Kite shield       |       |       |       |       |   744 |  1020 ||  1764
